 Dungeon Crawl Stone Soup version 0.31-a0-236-g9a0961fb85 (webtiles) character file.

Game seed: 417021747166848452

4619 qw the Skirmisher (level 10, -6/64 HPs)
             Began as a Gargoyle Hexslinger on July 10, 2023.
             Was a Follower of Okawaru.
             Killed by divine providence
             ... invoked by a meliai
              (10 damage)
             ... on level 9 of the Dungeon.
             The game lasted 00:03:23 (5964 turns).

qw the Skirmisher (Gargoyle Hexslinger)             Turns: 5964, Time: 00:03:24

Health: -6/64      AC: 18    Str: 15    XL:     10   Next: 42%
Magic:  0/2        EV: 21    Int: 15    God:    Okawaru [*.....]
Gold:   498        SH:  0    Dex: 16    Spells: 10/11 levels left

rFire   + . .        a - +5 shortbow of Zolush {speed, rF+ rN+ MP-9 Str+4}
rCold   . . .        (shield currently unavailable)
rNeg    + + +        j - +0 troll leather armour
rPois   inf          e - +1 helmet
rElec   +            (no cloak)
rCorr   .            (no gloves)
SInv    .            n - +2 pair of boots
Will    .....        (no amulet)
Stlth   +++          g - +5 ring of evasion
HPRegen 1.10/turn    k - ring of positive energy
MPRegen 0.08/turn

%: no passive effects
@: heroic
A: sickness immunity, AC +7, negative energy resistance 1, electricity
resistance, torment resistance 1, petrification resistance
a: Renounce Religion, Heroism


You were on level 9 of the Dungeon.
You worshipped Okawaru.
Okawaru was aware of your devotion.
You visited 2 branches of the dungeon, and saw 10 of its levels.

You collected 498 gold pieces.


Innate Abilities, Weirdness & Mutations

You are immune to sickness and miasma.
Your stone body is resilient. (AC +7)
You are immune to poison.
You resist negative energy. (rN+)
You are resistant to electric shocks. (rElec)
You are resistant to unholy torment.
You are immune to petrification.


   Skills:
 - Level 8.1(13.1) Fighting
 + Level 12.2(17.2) Ranged Weapons
 - Level 3.0(8.0) Armour
 - Level 3.0(8.0) Dodging
 - Level 1.0 Spellcasting
 - Level 2.6 Hexes
 + Level 2.1 Invocations


You had 10 spell levels left.
You knew the following spells:

 Your Spells              Type           Power      Damage    Failure   Level
a - Slow                  Hex            32%        N/A       10%         1

Your spell library contained the following spells:

 Spells                   Type           Power      Damage    Failure   Level
 Inner Flame              Hex/Fire       4%         N/A       45%         3
 Portal Projectile        Hex/Tloc       8%         N/A       45%         3
 Cause Fear               Hex            4%         N/A       67%         4

Inventory:

Hand Weapons
 a - the +5 shortbow of Zolush (weapon) {speed, rF+ rN+ MP-9 Str+4}
   (You acquired it on level 1 of the Dungeon)

   Str:       It affects your strength (+4).
   rF:        It protects you from fire.
   rN:        It protects you from negative energy.
   MP:        It affects your magic capacity (-9).
Armour
 e - a +1 helmet (worn)
 j - a +0 troll leather armour (worn)
 n - a +2 pair of boots (worn)
Jewellery
 g - a +5 ring of evasion (left hand)
 k - a ring of positive energy (right hand)
Scrolls
 d - 2 scrolls of identify
 f - 2 scrolls of teleportation
 m - a scroll of enchant weapon
Potions
 b - 2 potions of haste
 c - 2 potions of heal wounds
 i - a potion of cancellation
 l - 2 potions of enlightenment
 o - a potion of mutation

Dungeon Overview and Level Annotations

Branches:
Dungeon (9/15)             Temple (1/1) D:5
   Lair: D:8-11         Orc: D:9-12

Altars:
Ashenzari
Cheibriados
Dithmenos
Elyvilon
Fedhas
Gozag
Hepliaklqana
Kikubaaqudgha
Makhleb
Nemelex Xobeh
Okawaru
Qazlal
Ru
Sif Muna
Trog
Uskayaw
Vehumet
Wu Jian
Xom
Yredelemnul
Zin
The Shining One

Shops:
D:6 :

Annotations:
D:4 1 runed translucent door, qw's ghost, amateur MiHs
D:5 1 runed translucent door


Message History

The meliai hits you but does no damage.
The meliai stings you but does no damage.
You shoot an arrow. The arrow closely misses the wolf.
The meliai closely misses you. The meliai completely misses you.
The wolf bites you but does no damage.
You shoot an arrow. The arrow hits the wolf!
The wolf is almost dead.
The meliai misses you. The meliai stings you.
5958 ||| Stepping ~*~*~tactically~*~*~ (outnumbered).
The wolf stops to sniff the ground.
The wolf completely misses you.
The meliai invokes the aid of its god against you.
Something smites you! The wolf misses you. The hound closely misses you.
You shoot an arrow. The arrow hits the wolf!
You kill the wolf!
Okawaru accepts your kill. The hound bites you but does no damage.
Your Invocations skill increases to level 2!
You shoot an arrow. The arrow hits the meliai!
The meliai is heavily wounded.
The meliai misses you. The meliai completely misses you.
You shoot an arrow. The arrow barely misses the meliai.
The hound barely misses you.
The meliai calls down the wrath of its god upon you.
Something smites you! The meliai barely misses you. The meliai stings you!
You shoot an arrow. The arrow hits the meliai!
The meliai is almost dead.
The hound closely misses you.
You shoot an arrow. The arrow closely misses the meliai.
The meliai calls upon its god to heal the meliai.
The meliai is healed somewhat.
The meliai closely misses you. The meliai completely misses you.
The hound bites you but does no damage.
You hear a howl!
You shoot an arrow. The arrow hits the meliai.
The meliai is almost dead.
The meliai invokes the aid of its god against you.
Something smites you!
The meliai invokes the aid of its god against you.
Something smites you!
You die...

####. #..# .# ....##..#
... ###...#..# ...#
......#..#####...#
####..[#..##.....
.................
~......yy###.##.#
~.~....#hy...##.# ##
~.~..y.#@##..##.####...
.~~~~..#.##............
~~~S...#.####.#........
h~h~.....# #..........
~hh~~~.### ###.........
y.~~~.. #<[.........
####.....[.. #........
#........


You could see 3 meliai and a hound.

Vanquished Creatures
  An orange crystal statue (D:9)
  Joseph (D:7)
  A troll (D:7)
  2 water moccasins (D:8)
  Duvessa (D:7)
  An ice beast (D:7)
  2 black bears
  2 sky beasts (D:7)
  4 ogres
  A wolf (D:9)
  2 phantoms
  4 kobold brigands
  4 bullfrogs
  2 scorpions
  4 wights
  Dowan (D:7)
  2 jellies
  8 killer bees (D:8)
  An electric eel (D:6)
  A quasit (D:8)
  5 hounds
  A gnoll bouda (D:5)
  2 orc priests
  Terence (D:2)
  An iguana (D:6)
  6 orc wizards
  4 sleepcaps
  13 gnolls
  5 adders
  4 shadow imps (D:8)
  4 white imps
  8 ufetubi
  2 worms
  3 dart slugs
  21 orcs
  4 endoplasms
  2 giant cockroaches
  6 goblins
  7 hobgoblins
  3 jackals (D:1)
  3 quokkas
  6 ball pythons
  3 bats
  2 frilled lizards (D:2)
  A goblin skeleton (D:5)
  A jackal zombie (D:5)
  23 kobolds
  7 rats
193 creatures vanquished.

Vanquished Creatures (others)
  A human (D:6)
1 creature vanquished.

Grand Total: 194 creatures vanquished

Notes
Turn   | Place    | Note
-------+----------+-------------------------------------------
     0 | D:1      | qw the Gargoyle Hexslinger began the quest for the Orb.
     0 | D:1      | Reached XP level 1. HP: 12/12 MP: 2/2
     0 | D:1      | 0 ||| qw: Version: 0.3-a-52-g30416fa
     0 | D:1      | 0 ||| qw: Game counter: 4830
     0 | D:1      | 0 ||| qw: Melee chars always use a shield: true
     0 | D:1      | 0 ||| qw: God list: Okawaru
     0 | D:1      | 0 ||| qw: Allow faded altars: false
     0 | D:1      | 0 ||| qw: Do Orc after clearing Dungeon:15 true
     0 | D:1      | 0 ||| qw: Do second Lair branch before Depths: true
     0 | D:1      | 0 ||| qw: Lair rune preference: random
     0 | D:1      | 0 ||| qw: Goals: Normal
     0 | D:1      | 0 ||| PLANNING D:1-11
    51 | D:1      | Reached XP level 2. HP: 16/16 MP: 3/3
   267 | D:1      | Reached skill level 3 in Ranged Weapons
   612 | D:1      | 612 ||| UPGRADING to +0 leather armour.
   622 | D:1      | 622 ||| DROPPING +0 robe.
   623 | D:1      | 623 ||| READING scroll labelled VASAEPH ZUNEKK.
   624 | D:1      | 624 ||| READING scroll labelled SYDDAFI OZOONN.
   624 | D:1      | Identified a scroll of acquirement
   624 | D:1      | 624 ||| ACQUIRING +5 shortbow of Zolush {speed, rF+ rN+
                  | MP-9 Str+4}
   624 | D:1      | Acquired the +5 shortbow of Zolush {speed, rF+ rN+ MP-9
                  | Str+4}
   626 | D:1      | 626 ||| SWAPPING to +5 shortbow of Zolush {speed, rF+ rN+
                  | MP-9 Str+4}.
   627 | D:1      | 627 ||| DROPPING +1 sling.
   628 | D:1      | 628 ||| READING scroll labelled JOURYR ZIHIADGH.
   629 | D:1      | 629 ||| DRINKING 2 blue potions.
   630 | D:1      | 630 ||| DROPPING scroll of poison.
   684 | D:2      | Reached XP level 3. HP: 21/21 MP: 0/4
   817 | D:2      | Reached XP level 4. HP: 26/26 MP: 0/5
   821 | D:2      | Reached skill level 4 in Ranged Weapons
   883 | D:2      | Noticed Terence
   896 | D:2      | Killed Terence
   897 | D:2      | Reached XP level 5. HP: 20/30 MP: 0/6
   976 | D:2      | Reached skill level 5 in Ranged Weapons
  1369 | D:2      | 1369 ||| UPGRADING to +0 helmet.
  1374 | D:2      | 1374 ||| UPGRADING to +0 ring mail.
  1384 | D:2      | 1384 ||| DROPPING +0 leather armour.
  1385 | D:2      | 1385 ||| UPGRADING to +2 pair of boots.
  1390 | D:2      | 1390 ||| READING scroll labelled QITIME GICUOCI.
  1391 | D:2      | 1391 ||| READING scroll labelled ENGUPL ZILUEGGIP.
  1392 | D:2      | 1392 ||| READING scroll labelled ADAZAN LIOWOE.
  1393 | D:2      | 1393 ||| READING scroll labelled SOPTYASHRAIMI.
  1494 | D:2      | 1494 ||| READING scroll labelled FIALE WOWOGH.
  1495 | D:2      | 1495 ||| DRINKING 2 grey potions.
  1617 | D:3      | Reached skill level 1 in Armour
  1668 | D:3      | Found a faded altar of an unknown god.
  1936 | D:3      | 1936 ||| READING scroll labelled FOH WOPIURO.
  1940 | D:3      | 1940 ||| READING scroll labelled ROIZORUDDE.
  1941 | D:3      | 1941 ||| READING 2 scrolls of identify.
  1941 | D:3      | 1941 ||| IDENTIFYING brown potion
  2011 | D:4      | Found a stormy altar of Qazlal.
  2023 | D:4      | Found a runed translucent door.
  2023 | D:4      | Noticed qw's ghost (amateur MiHs)
  2198 | D:4      | Reached skill level 3 in Fighting
  2198 | D:4      | Reached XP level 6. HP: 37/37 MP: 0/7
  2270 | D:4      | Reached skill level 6 in Ranged Weapons
  2392 | D:4      | Noticed a black bear
  2396 | D:4      | Killed a black bear
  2397 | D:4      | Reached XP level 7. HP: 44/44 MP: 0/8
  2517 | D:4      | 2517 ||| DRINKING 3 potions of curing.
  2517 | D:4      | 2517 ||| (to cure confusion)
  2651 | D:4      | 2651 ||| DRINKING 2 fizzy golden potions.
  2652 | D:4      | 2652 ||| DRINKING 2 fuming green potions.
  2684 | D:4      | 2684 ||| READING 4 scrolls of identify.
  2684 | D:4      | 2684 ||| IDENTIFYING emerald potion
  2685 | D:4      | 2685 ||| READING 3 scrolls of identify.
  2685 | D:4      | 2685 ||| IDENTIFYING pink potion
  2686 | D:4      | 2686 ||| READING 2 scrolls of identify.
  2686 | D:4      | 2686 ||| IDENTIFYING metallic amethyst potion
  2687 | D:4      | 2687 ||| DROPPING potion of magic.
  2688 | D:4      | 2688 ||| DROPPING potion of attraction.
  2689 | D:4      | 2689 ||| DROPPING potion of ambrosia.
  2690 | D:4      | 2690 ||| DROPPING potion of lignification.
  2723 | D:5      | Entered Level 5 of the Dungeon
  2776 | D:5      | Found a staircase to the Ecumenical Temple.
  2777 | D:5      | 2777 ||| PLANNING TEMPLE
  2795 | Temple   | Entered the Ecumenical Temple
  2850 | Temple   | 2850 ||| PLANNING D:1-11
  2954 | D:5      | Noticed a human
  2967 | D:5      | Found a runed translucent door.
  2975 | D:5      | Found a basalt altar of Yredelemnul.
  3241 | D:5      | 3241 ||| Stepping ~*~*~tactically~*~*~ (outnumbered).
  3246 | D:5      | Reached skill level 7 in Ranged Weapons
  3564 | D:6      | Reached XP level 8. HP: 48/48 MP: 0/9
  3577 | D:6      | Reached skill level 8 in Ranged Weapons
  3721 | D:6      | Found an ancient bone altar of Kikubaaqudgha.
  3756 | D:6      | Found Ruanko's Book Shop.
  3764 | D:6      | Reached skill level 9 in Ranged Weapons
  4051 | D:6      | 4051 ||| DROPPING +2 pair of boots.
  4052 | D:6      | 4052 ||| UPGRADING to +5 ring of evasion.
  4053 | D:6      | 4053 ||| READING scroll labelled TEISTR OCON.
  4122 | D:7      | Noticed Joseph
  4123 | D:7      | 4123 ||| FLEEEEING.
  4128 | D:7      | 4128 ||| FLEEEEING.
  4129 | D:7      | 4129 ||| STAIRDANCE
  4154 | D:6      | 4154 ||| READING scroll labelled QOGYTAO OPNU.
  4157 | D:7      | 4157 ||| STAIRDANCE
  4212 | D:7      | 4212 ||| STAIRDANCE
  4250 | D:7      | 4250 ||| STAIRDANCE
  4252 | D:6      | 4252 ||| DRINKING 2 potions of curing.
  4252 | D:6      | 4252 ||| (to cure confusion)
  4269 | D:7      | 4269 ||| STAIRDANCE
  4271 | D:7      | 4271 ||| STAIRDANCE
  4273 | D:6      | 4273 ||| DRINKING potion of curing.
  4273 | D:6      | 4273 ||| (to cure confusion)
  4293 | D:7      | Killed Joseph
  4294 | D:7      | Reached XP level 9. HP: 57/57 MP: 1/10
  4356 | D:7      | 4356 ||| Stepping ~*~*~tactically~*~*~ (outnumbered).
  4523 | D:7      | Noticed a troll
  4531 | D:7      | Killed a troll
  4532 | D:7      | Reached skill level 10 in Ranged Weapons
  4635 | D:7      | Reached skill level 3 in Armour
  4660 | D:7      | 4660 ||| Stepping ~*~*~tactically~*~*~ (outnumbered).
  4784 | D:7      | Noticed Duvessa
  4789 | D:7      | Noticed Dowan
  4796 | D:7      | Killed Duvessa
  4808 | D:7      | Killed Dowan
  4841 | D:7      | Found a sacrificial altar of Ru.
  4843 | D:7      | Found a hazy altar of Hepliaklqana.
  4843 | D:7      | Found an iron altar of Okawaru.
  4844 | D:7      | 4844 ||| PLANNING OKAWARU WORSHIP
  4844 | D:7      | 4844 ||| DROPPING +1 pair of boots of stealth.
  4845 | D:7      | 4845 ||| UPGRADING to +0 troll leather armour.
  4855 | D:7      | 4855 ||| DROPPING +0 ring mail.
  4856 | D:7      | 4856 ||| READING scroll labelled DEIKKUNK BAISCH.
  4858 | D:7      | Found a burning altar of Makhleb.
  4864 | D:7      | Became a worshipper of Warmaster Okawaru
  4865 | D:7      | 4865 ||| PLANNING D:1-11
  5007 | D:8      | Reached skill level 3 in Dodging
  5019 | D:8      | Reached skill level 11 in Ranged Weapons
  5037 | D:8      | Reached XP level 10. HP: 64/64 MP: 2/11
  5066 | D:8      | Found a flagged portal.
  5175 | D:8      | 5175 ||| Stepping ~*~*~tactically~*~*~ (outnumbered).
  5185 | D:8      | 5185 ||| Stepping ~*~*~tactically~*~*~ (outnumbered).
  5232 | D:8      | Reached * piety under Okawaru
  5458 | D:8      | 5458 ||| Stepping ~*~*~tactically~*~*~ (outnumbered).
  5460 | D:8      | 5460 ||| Stepping ~*~*~tactically~*~*~ (outnumbered).
  5470 | D:8      | 5470 ||| Stepping ~*~*~tactically~*~*~ (outnumbered).
  5513 | D:8      | Reached skill level 1 in Invocations
  5538 | D:8      | Found a shimmering altar of Xom.
  5740 | D:8      | 5740 ||| READING scroll of enchant armour.
  5740 | D:8      | 5740 ||| ENCHANTING +0 helmet.
  5741 | D:8      | 5741 ||| UPGRADING to ring of positive energy.
  5742 | D:8      | 5742 ||| READING 4 scrolls of identify.
  5742 | D:8      | 5742 ||| IDENTIFYING fizzy grey potion
  5743 | D:8      | 5743 ||| READING 3 scrolls of identify.
  5743 | D:8      | 5743 ||| IDENTIFYING ruby potion
  5783 | D:9      | Noticed an orange crystal statue
  5784 | D:9      | 5784 ||| INVOKING Heroism.
  5796 | D:9      | 5796 ||| DRINKING 2 potions of curing.
  5796 | D:9      | 5796 ||| (to cure confusion)
  5807 | D:9      | 5807 ||| FLEEEEING.
  5808 | D:9      | 5808 ||| STAIRDANCE
  5823 | D:9      | 5823 ||| DRINKING potion of curing.
  5823 | D:9      | 5823 ||| (to cure confusion)
  5824 | D:9      | 5824 ||| INVOKING Heroism.
  5825 | D:9      | 5825 ||| Stepping ~*~*~tactically~*~*~ (outnumbered).
  5855 | D:9      | Noticed a two-headed ogre
  5858 | D:9      | 5858 ||| FLEEEEING.
  5859 | D:9      | 5859 ||| STAIRDANCE
  5891 | D:9      | 5891 ||| STAIRDANCE
  5899 | D:9      | 5899 ||| STAIRDANCE
  5928 | D:9      | Killed an orange crystal statue
  5929 | D:9      | Reached skill level 12 in Ranged Weapons
  5947 | D:9      | 5947 ||| Stepping ~*~*~tactically~*~*~ (outnumbered).
  5949 | D:9      | 5949 ||| INVOKING Heroism.
  5951 | D:9      | 5951 ||| Stepping ~*~*~tactically~*~*~ (outnumbered).
  5958 | D:9      | 5958 ||| Stepping ~*~*~tactically~*~*~ (outnumbered).
  5964 | D:9      | HP: 4/64 [meliai/divine providence (15)]
  5964 | D:9      | Killed from afar by a meliai

Levels and vault maps discovered:
D:1:      dpeg_arrival_round_a, layout_rooms
D:2:      layout_basic, uniq_terence
D:3:      layout_rooms, ebering_ecumenical_altar_abandoned,
          mrwooster_statue_mirror
D:4:      layout_gridville, mainiacjoe_overflow_surrounded_room,
          hellmonk_ghost_happy_afterlife, minmay_misc_feat_alley, minmay_unequal
D:5:      layout_loops_ring, dk_yredelemnul_ordeal,
          minmay_temple_entry_glassed_door
D:6:      layout_rooms, tgw_kikubaaqudgha, serial_glass, glass_columns_a,
          glass_columns_c, serial_shops, nicolae_inconvenience_store
D:7:      layout_gridville, minitemple, uniq_joseph, uniq_duvessa
D:8:      layout_loops_ring, mainiacjoe_overflow_alcove_2, serial_demonic,
          serial_demonic_b, serial_demonic_e, serial_demonic_e,
          serial_demonic_e, serial_demonic_g, serial_demonic_f,
          serial_demonic_g, enter_bailey_2
D:9:      layout_basic, erik_lair_island, minivault_16, lightli_wizard_tower
Temple:   zaba_magenta_temple

Skill      XL: |  1  2  3  4  5  6  7  8  9 10 |
---------------+-------------------------------+-----
Ranged Weapons | 3 4 5 6 7 9 11 12 | 12.2
Fighting       | 2 3 4 7 8 |  8.1
Armour         | 1 2 3 |  3.0
Dodging        | 2 3 |  3.0
Invocations    | 2 |  2.1
Spellcasting   | |  1.0
Hexes          | |  2.6

Action                     |  1- 3 |  4- 6 |  7- 9 | 10-12 || total
---------------------------+-------+-------+-------+-------++-------
   Fire: Sling             |    56 |       |       |       ||    56
         Shortbow          |    31 |   119 |   390 |   204 ||   744
 Invoke: Heroism           |       |       |       |     3 ||     3
    Use: Scroll            |     3 |     8 |     6 |     3 ||    20
         Potion            |     1 |     1 |     5 |     2 ||     9
 Armour: Robe              |     8 |       |       |       ||     8
         Leather armour    |     2 |     2 |       |       ||     4
         Ring mail         |       |    11 |    63 |       ||    74
         Troll leather arm |       |       |     6 |    19 ||    25
  Dodge: Dodged            |    39 |    16 |   138 |    56 ||   249

Table legend:
 A = Non-vault XP
 B = Vault XP
 C = Vault XP percentage of total XP
 D = Non-vault monster count
 E = Vault monster count
 F = Vault count percentage of total count
                 A         B        C        D         E       F
            +---------+---------+-------+---------+---------+-------
      Total |    4917 |    1682 |  25.5 |     169 |      24 |  12.4
            +---------+---------+-------+---------+---------+-------
        D:1 |      29 |       0 |   0.0 |      18 |       0 |   0.0
        D:2 |     166 |      38 |  18.6 |      29 |       1 |   3.3
        D:3 |      27 |       0 |   0.0 |       8 |       0 |   0.0
        D:4 |     527 |       7 |   1.3 |      17 |       2 |  10.5
        D:5 |     359 |       2 |   0.6 |      16 |       2 |  11.1
        D:6 |     969 |       0 |   0.0 |      19 |       0 |   0.0
        D:7 |    1414 |     697 |  33.0 |      25 |       3 |  10.7
        D:8 |    1341 |     162 |  10.8 |      32 |      13 |  28.9
        D:9 |      85 |     776 |  90.1 |       5 |       3 |  37.5
            +---------+---------+-------+---------+---------+-------
